 Dungeon Crawl Stone Soup version 0.30.1-4-g462c640d31 (webtiles) character file.

Game seed: 1083530383239355585

119 Ivernyr the Ducker (level 5, -3/37 (40) HPs)
             Began as a Djinni Hedge Wizard on Sept 15, 2023.
             Slain by an orc priest
             ... wielding a +0 dagger
              (4 damage)
             ... on level 3 of the Dungeon.
             The game lasted 00:09:03 (2721 turns).

Ivernyr the Ducker (Djinni Hedge Wizard)            Turns: 2721, Time: 00:09:04

HP:   -3/37 (40)    AC:  3    Str:  9    XL:     5   Next: 24%
Gold: 127           EV: 13    Int: 17    God:
                    SH:  0    Dex: 13

rFire   + + .        a - +2 dagger (venom)
rCold   x . .        (no shield)
rNeg    . . .        b - +0 robe
rPois   ∞            c - +0 hat
rElec   .            (no cloak)
rCorr   .            u - +0 pair of gloves
SInv    .            (boots unavailable)
Will    .....        f - amulet of the acrobat
Stlth   ++           (no ring)
HPRegen 0.26/turn    (no ring)
MPRegen 0.00/turn

%: acrobat, infuse magic (-4 HP)
@: flying, drained
A: sickness immunity, fire resistance 2, cold vulnerability 1, float, innate
caster, HP casting, extra vitality 1
a: no special abilities


You were on level 3 of the Dungeon.
You visited 1 branch of the dungeon, and saw 3 of its levels.

You collected 127 gold pieces.

Inventory:

Hand Weapons
 a - a +2 dagger of venom (weapon)
Armour
 b - a +0 robe (worn)
 c - a +0 hat (worn)
 u - a +0 pair of gloves (worn)
Jewellery
 f - an amulet of the acrobat (around neck)
Wands
 k - a wand of polymorph (7)
Scrolls
 e - 2 scrolls of immolation {unknown}
 p - a scroll of identify {unknown}
 r - a scroll of enchant armour {unknown}
 s - a scroll of noise {unknown}
Potions
 d - 3 potions of curing {unknown}
 g - a potion of flight {unknown}
 h - a potion of berserk rage {unknown}
 i - 2 potions of magic {unknown}
 j - 2 potions of lignification {unknown}
 l - a potion of brilliance {unknown}
 m - a potion of heal wounds {unknown}
 n - 2 potions of resistance {unknown}
 o - a potion of haste {unknown}
 q - a potion of might {unknown}
 t - a potion of degeneration {unknown}


   Skills:
 * Level 3.1 Fighting
 + Level 3.3 Dodging
 - Level 1.5 Stealth
 + Level 3.0 Spellcasting


You knew the following spells:

 Your Spells              Type           Power      Damage    Failure   Level
a - Magic Dart            Conj           48%        1d5       4%          1
b - Slow                  Hex            48%        N/A       4%          1
c - Blink                 Tloc           24%        N/A       8%          2
d - Call Imp              Summ           24%        N/A       8%          2
e - Mephitic Cloud        Conj/Pois/Air  12%        N/A       16%         3
f - Kiss of Death         Conj/Necr      48%        2d9       4%          1
g - Scorch                Fire           24%        2d6       8%          2
Your spell library was empty.

Dungeon Overview and Level Annotations

Branches:
Dungeon (3/15)

Altars:

Shops:
D:1 (:


Innate Abilities, Weirdness & Mutations

You are immune to sickness and miasma.
You are immune to poison.
Your flesh is very heat resistant. (rF++)
You are vulnerable to cold. (rC-)
You float through the air rather than walking.
You learn spells naturally, not from books.
Your magical power is your life essence.
You have superior vitality. (+4 MHP)


Message History

The orc is heavily wounded.
Your cerulean imp misses the orc.
The orc priest calls down the wrath of Beogh upon you.
Beogh smites you! The orc barely misses you.
You hit the orc.
You kill the orc!
Casting: Call Imp (safe; 8% risk of failure)
Confirm with . or Enter, or press ? or * to list all spells.
The spell is quite dangerous to miscast (16% risk of failure)!
Continue anyway? [Y]es or [N]o only, please.
The spell is quite dangerous to miscast (16% risk of failure)!
Continue anyway?
Aiming: Mephitic Cloud (quite dangerous; 16% risk of failure)
Press: ? - help, Shift-Dir - straight line, f - orc
Aim: an orc, wielding a +0 club (chance to affect: 96%)
The ball explodes into a vile cloud!
The stinking cloud engulfs the orc but does no damage.
The orc is engulfed in noxious fumes.
The orc appears confused.
Unknown command.
The orc priest is engulfed in noxious fumes.
The orc priest looks encouraged for a moment.
You see here a +0 hand axe.
Your cerulean imp hits the orc priest from afar with a -3 spear.
The orc priest misses you.
You hit the orc priest.
The orc priest is moderately wounded.
Your cerulean imp barely misses the orc priest.
The orc priest hits you with a +0 dagger.
* * * LOW HITPOINT WARNING * * *
You barely miss the orc priest.
The orc priest is moderately wounded.
Your cerulean imp hits the orc priest from afar with a -3 spear.
The orc priest invokes the aid of Beogh against you.
Beogh smites you!
* * * LOW HITPOINT WARNING * * *
You hit the orc priest but do no damage.
The orc priest is poisoned.
The orc priest is heavily wounded.
Your cerulean imp misses the orc priest.
The orc priest hits you with a +0 dagger.
You die...

...##......##.# #........#
#
....#.###..##'###......###
......# #..#....#......#
....#.#
#..#....#......#######.
...##.#
#.......#.....##.......
..###.# #.......#.....#
....... .##
#...........#.....#
....... <.
..#.....####...°.##
....... ..
..#.....+..5@o.o.# .......
.#.....#..##....###.......
#....>++#####.......o....
#.[.... #............
#..o.....#### #........#
#........# #.......[#
#........#


You could see an orc priest (very poisoned, ally target), 2 orcs and a friendly
cerulean imp (summoned).

Vanquished Creatures
  Robin (D:2)
  4 adders (D:2)
  An orc (D:3)
  7 ball pythons
  8 bats
  2 endoplasms
  2 giant cockroaches (D:1)
  6 hobgoblins
  4 jackals (D:1)
  8 kobolds
  2 quokkas
  A frilled lizard (D:2)
  13 goblins
  6 rats (D:1)
65 creatures vanquished.

Vanquished Creatures (collateral kills)
  2 goblins (D:2)
2 creatures vanquished.

Grand Total: 67 creatures vanquished

Notes
Turn   | Place    | Note
-------+----------+-------------------------------------------
     0 | D:1      | Ivernyr the Djinni Hedge Wizard began the quest for the
                  | Orb.
     0 | D:1      | Ivernyr set off with the following spells memorised: Magic
                  | Dart, Slow, Blink, Call Imp, Mephitic Cloud.
     0 | D:1      | Reached XP level 1. HP: 15/15 MP: 0/0
    72 | D:1      | Found Beitut's Weapon Shop.
   120 | D:1      | Reached skill level 1 in Fighting
   120 | D:1      | Reached XP level 2. HP: 15/22 MP: 0/0
   428 | D:1      | Reached XP level 3. HP: 25/27 MP: 0/0
   428 | D:1      | Learned a level 1 spell: Kiss of Death
   486 | D:1      | Found Tamaof's Vocational Training.
   805 | D:1      | Found a faded altar of an unknown god.
  1297 | D:2      | Reached XP level 4. HP: 28/33 MP: 0/0
  1877 | D:2      | Noticed Robin
  1886 | D:2      | Killed Robin
  1908 | D:2      | Reached XP level 5. HP: 17/35 MP: 0/0
  1908 | D:2      | Learned a level 2 spell: Scorch
  2720 | D:3      | HP: 1/37 [orc priest/divine providence (11)]
  2721 | D:3      | Slain by an orc priest

Illustrated notes

Levels and vault maps discovered:
D:1:      amcnicky_arrival_wind_blow, layout_basic, serial_shops, shop_statue,
          serial_forest, infiniplex_forest_clump_double,
          infiniplex_forest_straight_4, infiniplex_forest_lined_ring,
          infiniplex_forest_straight_2, infiniplex_forest_zigzag_1,
          infiniplex_forest_end_3, infiniplex_forest_end_2,
          infiniplex_forest_straight_4, infiniplex_forest_clump_long,
          hellmonk_ecumenical_altar_lost_god, st_stairs_4,
          nicolae_shop_vocational
D:2:      layout_basic, nicolae_half_adder, uniq_robin
D:3:      layout_basic, grunt_ministairs_15,
          wander_ebering_terrifying_dragon_lair

Skill      XL: |  1  2  3  4  5 |
---------------+----------------+-----
Fighting       | 1 2 3 |  3.1
Dodging        | 3 |  3.3
Spellcasting   | 3 |  3.0
Stealth        | |  1.5

Action                     |  1- 3 |  4- 6 || total
---------------------------+-------+-------++-------
  Melee: Dagger            |    52 |    10 ||    62
   Cast: Magic Dart        |    79 |    59 ||   138
         Call Imp          |       |     2 ||     2
         Kiss of Death     |       |     1 ||     1
         Mephitic Cloud    |       |     2 ||     2
   Stab: Sleeping          |       |     1 ||     1
 Armour: Robe              |     4 |     2 ||     6
  Dodge: Dodged            |    11 |    14 ||    25
